 Dungeon Crawl Stone Soup version 0.21.1-1-g345015f (webtiles) character file.

4279 ximkin the Grappler (level 10, -13/92 HPs)
             Began as a Troll Monk on Feb 19, 2018.
             Was a Believer of Wu Jian.
             Mangled by Grum
             ... wielding a -1 spear
              (16 damage)
             ... on level 8 of the Dungeon.
             The game lasted 00:46:50 (6006 turns).

ximkin the Grappler (Troll Monk)                    Turns: 6006, Time: 00:46:50

Health: -13/92     AC:  6    Str: 26    XL:     10   Next: 10%
Magic:  9/9        EV: 15    Int:  6    God:    Wu Jian [**....]
Gold:   359        SH:  0    Dex: 15    Spells: 8/9 levels left

rFire    . . .     SeeInvis .     - Unarmed
rCold    . . .     Gourm    +   (no shield)
rNeg     . . .     Faith    .   a - +1 robe
rPois    .         Spirit   .   (helmet restricted)
rElec    .         Reflect  .   (no cloak)
rCorr    .         Harm     +   (gloves unavailable)
MR       .....                  (boots unavailable)
Stlth    +++.......             A - amulet of harm
HPRegen  0.65/turn              x - +5 ring of strength
MPRegen  0.11/turn              z - +1 ring of evasion

@: hasted, very quick
A: large, unfitting armour, claws 3, fast metabolism 3, gourmand, regeneration
1, shaggy fur 1, tough skin 2
a: Wall Jump, Renounce Religion


You were on level 8 of the Dungeon.
You worshipped Wu Jian.
Wu Jian was pleased with you.
You were very full.

You visited 2 branches of the dungeon, and saw 9 of its levels.

You collected 359 gold pieces.

Inventory:

Missiles
 C - 14 tomahawks of dispersal (quivered)
Armour
 a - a +1 robe (worn)
Jewellery
 j - an uncursed ring of resist corrosion
 u - a +4 amulet of reflection
 x - a +5 ring of strength (left claw)
 z - a +1 ring of evasion (right claw)
 A - an amulet of harm (around neck)
Wands
 B - a wand of enslavement (11)
 D - a wand of polymorph (9)
Scrolls
 d - a scroll of fog
 g - 3 scrolls of immolation
 i - a scroll of enchant weapon
 l - 4 scrolls of amnesia
 n - a scroll of fear
 o - 4 scrolls of teleportation
 v - 2 scrolls of remove curse
 w - 4 scrolls of identify
Potions
 c - 2 potions of invisibility
 e - 3 potions of degeneration {unknown}
 f - 6 potions of heal wounds {unknown}
 h - 2 potions of haste
 m - a potion of magic {unknown}
 p - 2 potions of lignification {unknown}
 q - 3 potions of brilliance {unknown}
 r - a potion of resistance {unknown}
 t - a potion of flight {unknown}
Books
 s - a book of Misfortune

   Spells                             Type                      Level
   a - Confusing Touch                Hexes                        1
   b - Confuse                        Hexes                        3
   c - Gell's Gravitas                Translocation                3
   d - Petrify                        Transmutation/Earth          4
   e - Metabolic Englaciation         Hexes/Ice                    5
   f - Yara's Violent Unravelling     Hexes/Transmutation          5
 y - a book of Callings

   Spells                             Type                      Level
   a - Summon Small Mammal            Summoning                    1
   b - Call Imp                       Summoning                    2
   c - Call Canine Familiar           Summoning                    3
   d - Summon Guardian Golem          Hexes/Summoning              3
   e - Summon Lightning Spire         Summoning/Air                4
   f - Summon Ice Beast               Ice/Summoning                4
Comestibles
 b - 13 rations


   Skills:
 + Level 4.1 Fighting
 * Level 6.6 Dodging
 + Level 4.6 Stealth
 - Level 10.1 Unarmed Combat


You had 8 spell levels left.
You knew the following spells:

 Your Spells              Type           Power        Failure   Level  Hunger
a - Confusing Touch       Hex            #.....       45%         1    ##.....


Dungeon Overview and Level Annotations

Branches:
Dungeon (8/15)             Temple (1/1) D:6
   Lair: D:8-11

Altars:
Ashenzari
Cheibriados
Dithmenos
Elyvilon
Fedhas
Gozag
Hepliaklqana
Kikubaaqudgha
Makhleb
Nemelex Xobeh
Okawaru
Qazlal
Ru
Sif Muna
Trog
Uskayaw
Vehumet
Wu Jian
Xom
Yredelemnul
Zin
The Shining One

Annotations:
D:8 Grum


Innate Abilities, Weirdness & Mutations

You are too large for most types of armour.
You have claws for hands.
Your metabolism is lightning-fast.
You like to eat raw meat.
Your natural rate of healing is unusually fast.
You are covered in fur. (AC +1)
You have very tough skin. (AC +2)


Message History

Something hits you!
* * * LOW HITPOINT WARNING * * *
You feel better. Psyche hits you but does no damage.
You feel yourself speed up. Something hits you!
* * * LOW HITPOINT WARNING * * *
You claw Psyche!
Psyche is moderately wounded.
Psyche hits you with a dagger of chaos.
* * * LOW HITPOINT WARNING * * *
You feel drained.
You mangle Psyche!!
You kill Psyche!
The Council accepts your kill.
Your life force feels restored.
Something barely misses you.
You start resting.
Something hits you.
* * * LOW HITPOINT WARNING * * *
You start resting.
Something hits you!
You die...

# #. # #.. .. ## #.. ..
##########. .#####<##.
#.......... ...?.....
#.##.##.### .....{#
#.##.##.# # #..†#
#.#..##.# # #.)@#
#.#.###.# #...# #.#.....#
#
#####...######...###.###
#.............#..#####.##
.................... #...
#.............#.....##.##
######...######.<...#.###
#...# #......## # #...#
#.....[#


There were no monsters in sight!

Vanquished Creatures
  Psyche (D:8)
  The ghost of jazmu the Charmwright, an amateur FoSk (D:4)
  Grinder (D:4)
  A spriggan (D:7)
  Menkaure (D:6)
  Duvessa (D:6)
  2 sky beasts
  An ice beast (D:7)
  An orc warrior (D:7)
  4 phantoms
  3 black bears
  A necrophage (D:7)
  4 ogres
  A wolf (D:8)
  3 big kobolds
  5 bullfrogs
  Dowan (D:6)
  2 scorpions
  A water moccasin skeleton (D:8)
  2 howler monkeys
  4 crimson imps
  3 orc priests
  A bullfrog skeleton (D:5)
  A hound (D:5)
  2 iguanas
  5 worker ants
  5 orc wizards
  A hound skeleton (D:8)
  10 adders
  4 gnolls (D:3)
  A shadow imp (D:5)
  An ooze (D:5)
  4 worms
  2 adder skeletons
  2 dart slugs (D:1)
  5 leopard geckos
  23 orcs
  8 goblins (D:1)
  9 hobgoblins
  4 jackals (D:3)
  5 quokkas
  2 ball pythons (D:1)
  4 bats
  4 frilled lizards
  A jackal skeleton (D:5)
  13 kobolds
  4 rats
165 creatures vanquished.

Vanquished Creatures (collateral kills)
  A wolf (D:8)
1 creature vanquished.

Grand Total: 166 creatures vanquished

Notes
Turn   | Place    | Note
-------+----------+-------------------------------------------
     0 | D:1      | ximkin the Troll Monk began the quest for the Orb.
     0 | D:1      | Reached XP level 1. HP: 22/22 MP: 0/0
    91 | D:1      | Reached XP level 2. HP: 22/29 MP: 1/1
   429 | D:1      | Reached XP level 3. HP: 36/36 MP: 2/2
   685 | D:2      | Reached skill level 4 in Unarmed Combat
   744 | D:2      | Reached XP level 4. HP: 44/44 MP: 3/3
  1205 | D:3      | Noticed a bullfrog
  1210 | D:3      | Killed a bullfrog
  1210 | D:3      | Reached skill level 5 in Unarmed Combat
  1210 | D:3      | Reached XP level 5. HP: 34/50 MP: 4/4
  1300 | D:3      | Found a sparkling altar of Nemelex Xobeh.
  2124 | D:4      | Noticed jazmu's ghost (amateur FoSk)
  2154 | D:4      | Killed jazmu's ghost
  2154 | D:4      | Reached skill level 6 in Unarmed Combat
  2154 | D:4      | Reached XP level 6. HP: 33/59 MP: 5/5
  2195 | D:4      | Noticed Grinder
  2203 | D:4      | Paralysed by Grinder for 5 turns
  2214 | D:4      | Killed Grinder
  2214 | D:4      | Reached skill level 7 in Unarmed Combat
  2214 | D:4      | Reached XP level 7. HP: 19/66 MP: 6/6
  2560 | D:4      | Found a sacrificial altar of Ru.
  2710 | D:4      | Found a radiant altar of Vehumet.
  2710 | D:4      | Found a snail-covered altar of Cheibriados.
  2841 | D:4      | Reached skill level 8 in Unarmed Combat
  2861 | D:4      | Found a shattered altar of Ashenzari.
  2937 | D:4      | Reached XP level 8. HP: 25/75 MP: 7/7
  3358 | D:5      | Entered Level 5 of the Dungeon
  3397 | D:5      | Learned a level 1 spell: Confusing Touch
  3510 | D:5      | Reached skill level 9 in Unarmed Combat
  3900 | D:5      | Found a shadowy altar of Dithmenos.
  4180 | D:5      | You fall through a shaft!
  4282 | D:6      | Found a staircase to the Ecumenical Temple.
  4324 | Temple   | Entered the Ecumenical Temple
  4346 | Temple   | Became a worshipper of the Wu Jian Council
  4346 | Temple   | Reached * piety under Wu Jian
  4346 | Temple   | Reached ** piety under Wu Jian
  4518 | D:6      | Found an iron altar of Okawaru.
  4599 | D:6      | Noticed Menkaure
  4609 | D:6      | Killed Menkaure
  4609 | D:6      | Reached skill level 10 in Unarmed Combat
  4901 | D:6      | Noticed Dowan
  4902 | D:6      | Noticed Duvessa
  4909 | D:6      | Killed Duvessa
  4910 | D:6      | Killed Dowan
  4910 | D:6      | Reached XP level 9. HP: 83/83 MP: 8/8
  5341 | D:7      | Reached skill level 5 in Dodging
  5978 | D:8      | Noticed Psyche
  5991 | D:8      | Noticed Grum
  5998 | D:8      | Reached XP level 10. HP: 38/92 MP: 9/9
  6003 | D:8      | Killed Psyche
  6004 | D:8      | HP: 2/92 [something (7)]
  6006 | D:8      | Mangled by Grum

Skill      XL: |  1  2  3  4  5  6  7  8  9 |
---------------+----------------------------+-----
Unarmed Combat | 4 5 6 7 8 10 | 10.1
Dodging        | 3 4 6 |  6.6
Fighting       | 3 4 |  4.1
Stealth        | 3 4 |  4.6

Action                   |  1- 3 |  4- 6 |  7- 9 | 10-12 || total
-------------------------+-------+-------+-------+-------++-------
Melee: Unarmed           |    86 |   108 |   269 |     4 ||   467
       Punch             |     1 |     5 |    15 |       ||    21
Throw: Tomahawk          |       |       |     1 |       ||     1
Invok: Lunge             |       |       |    15 |       ||    15
Evoke: Wand              |       |       |     1 |       ||     1
  Use: Scroll            |       |     2 |    13 |       ||    15
       Potion            |       |     4 |       |     1 ||     5
 Stab: Sleeping          |     5 |     1 |    10 |       ||    16
       Distracted        |       |       |     3 |       ||     3
  Eat: Chunk             |    11 |     8 |    39 |       ||    58
Armor: Robe              |    23 |    19 |    54 |     1 ||    97
Dodge: Dodged            |    42 |    58 |   123 |     3 ||   226
